 Dungeon Crawl Stone Soup version 0.28-a0-724-g66f9036eb4 (webtiles) character file.

Game seed: 14970174611636907861

129 AarnesTheHuman the Covered (level 5, -4/43 HPs)
             Began as a Barachi Fighter on Oct 26, 2021.
             Killed from afar by an orc priest (6 damage)
             ... with an iceblast
             ... on level 4 of the Dungeon on Oct 27, 2021.
             The game lasted 00:03:41 (2354 turns).

AarnesTheHuman the Covered (Barachi Fighter)        Turns: 2354, Time: 00:03:42

Health: -4/43      AC:  8    Str: 24    XL:     5   Next: 12%
Magic:  5/5        EV: 10    Int:  9    God:
Gold:   124        SH:  4    Dex: 11    Spells: 4/4 levels left

rFire   . . .      SeeInvis .   a - +0 long sword
rCold   . . .      Faith    .   c - +0 buckler
rNeg    . . .      Spirit   .   b - +0 scale mail
rPois   .          Reflect  .   (no helmet)
rElec   .          Harm     .   (no cloak)
rCorr   .          Rampage  .   (no gloves)
Will    .....                   p - +0 pair of boots
Stlth   ..........              (no amulet)
HPRegen 0.14/turn               o - +6 ring of strength
MPRegen 0.09/turn               (no ring)

@: slow
A: amphibious, slowness 1, strong legs 1, +LOS
a: Hop


You were on level 4 of the Dungeon.
You visited 1 branch of the dungeon, and saw 5 of its levels.

You collected 124 gold pieces.

Inventory:

Hand Weapons
 a - a +0 long sword (weapon)
Armour
 b - a +0 scale mail (worn)
 c - a +0 buckler (worn)
 l - a +2 leather armour of poison resistance
 p - a +0 pair of boots (worn)
Jewellery
 o - a +6 ring of strength (left hand)
Scrolls
 e - 5 scrolls of identify {unknown}
 f - a scroll of noise {unknown}
 h - a scroll of fog {unknown}
 i - a scroll of magic mapping {unknown}
 m - a scroll of vulnerability {unknown}
 n - a scroll of enchant armour {unknown}
 s - a scroll of blinking {unknown}
Potions
 d - a potion of might
 g - a potion of heal wounds {unknown}
 j - a potion of curing {unknown}
 k - a potion of invisibility {unknown}
 q - a potion of lignification {unknown}
 r - a potion of mutation {unknown}


   Skills:
 + Level 4.6 Fighting
 + Level 3.8 Long Blades
 + Level 4.7 Armour
 - Level 4.0 Shields


You had 4 spell levels left.
You didn't know any spells.
Your spell library was empty.

Dungeon Overview and Level Annotations

Branches:
Dungeon (5/15)
 Temple: D:4-7

Altars:


Innate Abilities, Weirdness & Mutations

You are amphibious.
You cover ground slowly.
You can hop short distances.
You have an extended range of vision and can be seen from far away.


Message History

The orc priest shouts!
The orc priest casts a cantrip, but nothing happens.
Something hits you but does no damage.
You barely miss the orc. The orc barely misses you.
Something hits you but does no damage.
You barely miss the orc. The orc barely misses you.
An orc comes into view. It is wielding a +0 war axe.
The orc priest calls down the wrath of Beogh upon you.
Beogh smites you! Something hits you but does no damage.
You hit the orc but do no damage. The orc barely misses you.
Something hits you. The orc closely misses you.
You hit the orc but do no damage.
You hear some strange, mumbled words.
You are confused.
The orc hits you with a +0 short sword. Something hits you but does no damage.
You miss something.
The orc priest begins to cast a cantrip, but forgets the words!
Something hits you but does no damage.
The orc priest zaps a wand.
The mass of ice explodes!
The iceblast engulfs something!
Reactivating autopickup.
You feel a bit more experienced.
The iceblast engulfs the orc priest!
The iceblast engulfs the orc.
You have reached level 5!
The orc hits you but does no damage.
The orc priest looks satisfied for a moment.
The orc closely misses you.
You closely miss the orc.
The orc is severely wounded.
The orc priest zaps a wand.
The mass of ice explodes!
The iceblast engulfs the orc.
The orc dies!
The iceblast engulfs you!
* * * LOW HITPOINT WARNING * * *
An endoplasm comes into view.
An ogre comes into view. It is wielding a +0 giant club.
You feel less confused.
The ogre shouts!
The orc priest zaps a wand.
The mass of ice explodes!
The iceblast engulfs you.
You die...

. .. ##.# J.
#######.. .#
#.....O.# #.#
#.......# #.#
#.......# #.#
#.......###.# ##.
#......o.##.###...$
#.......)@......#
#......)##.#.####
#..>....##..†########
##########....(......
#...#.........
#..#..........
....#..........
...##.#.......... ...
.............


You could see an ogre and an orc priest.

Vanquished Creatures
  A hound (D:4)
  A centaur skeleton (D:4)
  An adder (D:2)
  A dart slug (D:1)
  2 ball pythons
  7 endoplasms
  2 giant cockroaches
  3 goblins
  4 hobgoblins
  3 jackals (D:1)
  5 kobolds
  5 bats
  2 frilled lizards (D:3)
  2 rats
39 creatures vanquished.

Vanquished Creatures (others)
  An orc wizard (D:4)
  2 orcs (D:4)
3 creatures vanquished.

Grand Total: 42 creatures vanquished

Notes
Turn   | Place    | Note
-------+----------+-------------------------------------------
     0 | D:1      | AarnesTheHuman the Barachi Fighter began the quest for the
                  | Orb.
     0 | D:1      | Reached XP level 1. HP: 18/18 MP: 1/1
   238 | D:1      | Reached XP level 2. HP: 22/25 MP: 2/2
   429 | D:1      | Upgraded the game from 0.28-a0-723-g095bd1b44f to
                  | 0.28-a0-724-g66f9036eb4
   738 | D:1      | Reached XP level 3. HP: 22/30 MP: 3/3
  2118 | D:3      | Found a faded altar of an unknown god.
  2301 | D:3      | You fall into a shaft and drop 2 floors!
  2301 | D:5      | Entered Level 5 of the Dungeon
  2326 | D:4      | Reached XP level 4. HP: 31/38 MP: 4/4
  2352 | D:4      | Reached XP level 5. HP: 15/43 MP: 5/5
  2353 | D:4      | HP: 2/43 [orc priest/iceblast (14)]
  2354 | D:4      | Noticed an ogre
  2354 | D:4      | Killed from afar by an orc priest

Illustrated notes

Levels and vault maps discovered:
D:1:      elethiomel_arrival_maze, layout_basic
D:2:      layout_basic
D:3:      layout_basic, nicolae_overflow_hidden_temple,
          hellmonk_ecumenical_altar_run_dry, serial_bayou_lagoon_a
D:4:      layout_rooms, minmay_temple_entry_crystal_x, serial_corexii_hall,
          chequers_hall_statues_wall_a, corexii_hall_statues_t
D:5:      layout_basic, ashenzari_altar_1, minmay_misc_feat_square,
          grunt_ministairs_6, minmay_bent

Skill      XL: |  1  2  3  4 |
---------------+-------------+-----
Armour         | 4 |  4.7
Fighting       | 4 |  4.6
Long Blades    | 3 |  3.8
Shields        | 4 |  4.0

Action                   |  1- 3 |  4- 6 || total
-------------------------+-------+-------++-------
Melee: Long sword        |   116 |    14 ||   130
Armor: Scale mail        |    58 |    16 ||    74
Dodge: Dodged            |    62 |    10 ||    72
Block: Buckler           |    23 |     2 ||    25

Table legend: (Time is in decaauts)
 A = Elapsed time spent in this place.
 B = Non-inter-level travel time spent in this place.
 C = Inter-level travel time spent in this place.
 D = Time resting spent in this place.
 E = Time spent auto-exploring this place.
 F = Levels seen in this place.
 G = Mean time per level.
                   A        B        C        D        E       F      G
               +--------+--------+--------+--------+--------+-----+--------+
         Total |   2681 |   2642 |     39 |    120 |   2152 |   5 |  536.2 |
       Dungeon |   2681 |   2642 |     39 |    120 |   2152 |   5 |  536.2 |
               +--------+--------+--------+--------+--------+-----+--------+

Top non-repeatable levels by time:
     D:1: 1329 daAuts
     D:2: 1037 daAuts
     D:3: 253 daAuts
     D:4: 52 daAuts
     D:5: 9 daAuts
